 Dungeon Crawl Stone Soup version 0.28-a0-1117-g0bdd5ba030 (webtiles) character file.

Game seed: 13049901362892099540

627 browni3141 the Tainter (level 7, 0/41 HPs)
             Began as an Octopode Venom Mage on Dec 12, 2021.
             Slain by a centaur zombie (4 damage)
             ... in an ossuary.
             The game lasted 00:08:26 (6375 turns).

browni3141 the Tainter (Octopode Venom Mage)        Turns: 6375, Time: 00:08:27

Health: 0/41       AC:  1    Str:  7    XL:     7   Next: 48%
Magic:  10/10      EV: 13    Int: 20    God:
Gold:   177        SH:  0    Dex: 12    Spells: 4/10 levels left

rFire   . . .      SeeInvis .   (no weapon)
rCold   . . .      Faith    .   (no shield)
rNeg    . . .      Spirit   .   (helmet restricted)
rPois   .          Reflect  .   (no amulet)
rElec   .          Harm     .   (no ring)
rCorr   .          Rampage  .   (no ring)
Will    .....                   (no ring)
Stlth   +++.......              (no ring)
HPRegen 0.13/turn               (no ring)
MPRegen 0.12/turn               (no ring)
                                (no ring)
                                (no ring)

@: mighty
A: almost no armour, amphibious, 8 rings, camouflage 1, gelatinous body 1,
(nimble swimmer 1), tentacles
a: no special abilities


You were in an ossuary.
You visited 1 branch of the dungeon, and saw 5 of its levels.
You also visited: Ossuary.

You collected 177 gold pieces.

Inventory:

Missiles
 f - 45 poisoned darts
Jewellery
 i - an amulet of guardian spirit
Scrolls
 b - a scroll of blinking
 d - 2 scrolls of teleportation
 g - 2 scrolls of fog
 h - 2 scrolls of fear
 j - a scroll of immolation {unknown}
 k - a scroll of amnesia {unknown}
Potions
 c - a potion of attraction {unknown}
 e - a potion of curing {unknown}


   Skills:
 - Level 2.0 Dodging
 - Level 2.6 Stealth
 - Level 2.0 Spellcasting
 - Level 1.0 Transmutations
 + Level 10.1 Poison Magic


You had 4 spell levels left.
You knew the following spells:

 Your Spells              Type           Power      Damage    Failure   Level
a - Sting                 Tmut/Pois      96%        1d7       1%          1
b - Poisonous Vapours     Pois/Air       44%        N/A       3%          2
c - Mephitic Cloud        Conj/Pois/Air  15%        N/A       12%         3

Your spell library contained the following spells:

 Spells                   Type           Power      Damage    Failure   Level
 Olgreb's Toxic Radiance  Pois           42%        N/A       2%          4


Dungeon Overview and Level Annotations

Branches:
Dungeon (5/15)            Ossuary (1/1)
 Temple: D:4-7

Altars:
Hepliaklqana

Annotations:
Ossuary exclusion: door


Innate Abilities, Weirdness & Mutations

You cannot wear most types of armour.
You are amphibious.
You can wear up to eight rings at the same time.
Your skin changes colour to match your surroundings (Stealth+).
Your rubbery body absorbs attacks. (AC +1, EV +1)
((You are camouflaged near water. (Stealth+)))
You have tentacles for arms and can constrict up to eight enemies at once.


Message History

You tentacle-slap the centaur zombie.
The centaur zombie is heavily damaged.
The centaur zombie barely misses you. The centaur zombie kicks you.
The human zombie hits you. The centaur zombie barely misses you.
The centaur zombie misses you. The centaur zombie misses you.
The centaur zombie kicks you.
You are too injured to fight recklessly!
You are too injured to fight recklessly!
You barely miss the centaur zombie. You squeeze the centaur zombie.
The centaur zombie is heavily damaged.
The centaur zombie misses you. The centaur zombie kicks you.
You tentacle-slap the centaur zombie. Your squeeze misses the centaur zombie.
The centaur zombie is heavily damaged.
The centaur zombie closely misses you. The centaur zombie kicks you.
You tentacle-slap the centaur zombie.
The centaur zombie is heavily damaged.
The centaur zombie hits you. The centaur zombie closely misses you.
The centaur zombie barely misses you. The centaur zombie misses you.
You tentacle-slap the centaur zombie but do no damage.
The centaur zombie is heavily damaged.
The centaur zombie hits you. The centaur zombie kicks you.
* * * LOW HITPOINT WARNING * * *
The human zombie hits you.
* * * LOW HITPOINT WARNING * * *
Unknown command.
Okay, then.
You aren't carrying any items that you can evoke.
Unknown command.
You feel very mighty all of a sudden. The centaur zombie hits you.
* * * LOW HITPOINT WARNING * * *
The centaur zombie kicks you.
* * * LOW HITPOINT WARNING * * *
The human zombie hits you.
* * * LOW HITPOINT WARNING * * *
You tentacle-slap the centaur zombie.
The centaur zombie is severely damaged.
The centaur zombie completely misses you.
The centaur zombie closely misses you. The centaur zombie hits you.
You die...

#..# #..#.....#..#
#..# #..#..##+#.∩#
#..# #..#..#$$#..#
#..## ##..##.#M##..#
#...# #....#.###...#
#...# #....#...#...#
#...## ##....##.##...#
#..ZZ###......#'#....#
#...Z@...............#
#...Z................#
######################


You could see a goblin zombie, an orc zombie, a centaur zombie and a human
zombie.

Vanquished Creatures
  A black bear (D:4)
  Blork the orc (D:4)
  A scorpion (D:2)
  3 howler monkeys
  A hound (D:5)
  A bullfrog skeleton (D:4)
  An orc wizard (D:3)
  A hound zombie (Ossuary)
  Robin (D:2)
  6 adders
  2 adder zombies (Ossuary)
  A worm (D:2)
  A dart slug (D:2)
  8 orcs
  5 ball pythons
  5 endoplasms
  6 giant cockroaches
  A gnoll zombie (Ossuary)
  19 goblins
  11 hobgoblins
  10 kobolds
  3 quokkas
  3 bats
  7 frilled lizards
  3 goblin zombies (Ossuary)
  2 hobgoblin zombies
  3 jackal zombies (Ossuary)
  A kobold zombie (Ossuary)
  2 orc zombies (Ossuary)
  A quokka zombie (Ossuary)
  4 rats
  A rat zombie (Ossuary)
116 creatures vanquished.

Notes
Turn   | Place    | Note
-------+----------+-------------------------------------------
     0 | D:1      | browni3141 the Octopode Venom Mage began the quest for the
                  | Orb.
     0 | D:1      | Reached XP level 1. HP: 11/11 MP: 3/3
   166 | D:1      | Reached skill level 4 in Poison Magic
   230 | D:1      | Reached XP level 2. HP: 17/17 MP: 1/5
   316 | D:1      | Found a faded altar of an unknown god.
  1184 | D:2      | Reached skill level 5 in Poison Magic
  1184 | D:2      | Reached XP level 3. HP: 21/21 MP: 4/6
  1194 | D:2      | Learned a level 2 spell: Poisonous Vapours
  1198 | D:2      | Learned a level 3 spell: Mephitic Cloud
  1721 | D:2      | Found a hazy altar of Hepliaklqana.
  1865 | D:2      | Noticed a scorpion
  1871 | D:2      | Killed a scorpion
  1872 | D:2      | Reached skill level 6 in Poison Magic
  1872 | D:2      | Reached XP level 4. HP: 18/27 MP: 3/7
  2008 | D:2      | Reached XP level 5. HP: 31/31 MP: 6/8
  2145 | D:2      | Noticed Robin
  2546 | D:2      | Killed Robin
  2547 | D:2      | Reached skill level 7 in Poison Magic
  3661 | D:3      | Reached XP level 6. HP: 27/36 MP: 4/9
  4358 | D:3      | Reached skill level 8 in Poison Magic
  4529 | D:4      | Noticed a black bear
  4542 | D:4      | Noticed Blork the orc
  4544 | D:4      | Killed a black bear
  4628 | D:4      | Killed Blork the orc
  4629 | D:4      | Reached skill level 9 in Poison Magic
  4836 | D:4      | Reached XP level 7. HP: 26/41 MP: 8/10
  5652 | D:5      | Entered Level 5 of the Dungeon
  5860 | D:5      | Reached skill level 10 in Poison Magic
  6005 | D:5      | Found a sand-covered staircase.
  6014 | Ossuary  | Entered an ossuary
  6375 | Ossuary  | Slain by a centaur zombie

Illustrated notes

Levels and vault maps discovered:
D:1:      ncdulo_watergridlock, layout_rooms,
          hellmonk_ecumenical_altar_slurped_away, interstate_on_off
D:2:      wad_pebble_path, layout_basic, basic_altar, eino_tiny_chamber,
          minmay_misc_feat_columns, st_stairs_6,
          wander_ebering_terrifying_dragon_lair, uniq_robin
D:3:      layout_basic, kennysheep_generic_room_6
D:4:      layout_basic, uniq_blork_the_orc
D:5:      layout_rooms, minmay_temple_entry_glassed_door,
          nicolae_ossuary_entry_giza, hex_large
Ossuary:  minmay_ossuary_two_tombs

Skill      XL: |  1  2  3  4  5  6  7 |
---------------+----------------------+-----
Poison Magic   | 4 5 6 7 9 10 | 10.1
Dodging        | |  2.0
Stealth        | |  2.6
Spellcasting   | |  2.0
Transmutations | |  1.0

Action                   |  1- 3 |  4- 6 |  7- 9 || total
-------------------------+-------+-------+-------++-------
Melee: Unarmed           |    63 |    87 |   110 ||   260
       Constrict         |    12 |    26 |    26 ||    64
       Tentacles         |     8 |    14 |    22 ||    44
 Cast: Sting             |    39 |    40 |    10 ||    89
       Poisonous Vapours |     2 |    16 |       ||    18
       Mephitic Cloud    |       |       |     2 ||     2
  Use: Scroll            |       |       |     4 ||     4
       Potion            |       |       |     1 ||     1
 Stab: Sleeping          |     4 |     5 |     1 ||    10
Armor: Skin              |     3 |     4 |    10 ||    17
Dodge: Dodged            |    57 |    67 |    90 ||   214

Table legend: (Time is in decaauts)
 A = Elapsed time spent in this place.
 B = Non-inter-level travel time spent in this place.
 C = Inter-level travel time spent in this place.
 D = Time resting spent in this place.
 E = Time spent auto-exploring this place.
 F = Levels seen in this place.
 G = Mean time per level.
                   A        B        C        D        E       F      G
               +--------+--------+--------+--------+--------+-----+--------+
         Total |   6379 |   6231 |    148 |    733 |   4520 |   6 | 1063.2 |
       Dungeon |   6018 |   5870 |    148 |    673 |   4317 |   5 | 1203.6 |
       Ossuary |    360 |    360 |      0 |     60 |    203 |   1 |  360.0 |
               +--------+--------+--------+--------+--------+-----+--------+

Top non-repeatable levels by time:
     D:3: 1755 daAuts
     D:1: 1460 daAuts
     D:2: 1362 daAuts
     D:4: 1110 daAuts
 Ossuary: 360 daAuts
     D:5: 330 daAuts
